 Dungeon Crawl Stone Soup version 0.19.5 (webtiles) character file.

71 tidbits the Slasher (level 4, -1/29 HPs)
             Began as a High Elf Wanderer on Nov 6, 2017.
             Slain by an orc
             ... wielding a cursed -1 whip
              (4 damage)
             ... on level 2 of the Dungeon.
             The game lasted 00:07:08 (702 turns).

tidbits the Slasher (High Elf Wanderer)              Turns: 702, Time: 00:07:08

Health: -1/29      AC:  2    Str: 13    XL:     4   Next: 5%
Magic:  5/5        EV: 11    Int: 15    God:
Gold:   88         SH:  4    Dex: 14    Spells: 0 memorised, 3 levels left

rFire  . . .     SeeInvis .     a - +0 falchion
rCold  . . .     Gourm    .     e - +0 robe
rNeg   . . .     Faith    .     D - +0 buckler
rPois  .         Spirit   .     (no helmet)
rElec  .         Reflect  .     (no cloak)
rCorr  .         Harm     .     (no gloves)
MR     +....                    (no boots)
Stlth  +.........               (no amulet)
                                (no ring)
                                l - ring of protection from magic

@: no status effects
A: no striking features
a: no special abilities


You were on level 2 of the Dungeon.
You were not hungry.

You visited 1 branch of the dungeon, and saw 3 of its levels.

You collected 88 gold pieces.

Inventory:

Hand Weapons
 a - a +0 falchion (weapon)
 b - a +0 hunting sling
   (You found it on level 1 of the Dungeon)
 g - a +2 blowgun
 m - a +0 dagger
   (You found it on level 1 of the Dungeon)
Missiles
 i - 26 stones (quivered)
 j - 29 arrows
 p - a curare-tipped needle
Armour
 e - a +0 robe (worn)
 D - a +0 buckler (worn)
   (You found it on level 1 of the Dungeon)
Jewellery
 l - a ring of protection from magic (left hand)
   (You found it on level 1 of the Dungeon)
Scrolls
 k - a scroll of identify {unknown}
 n - a scroll of remove curse {unknown}
Potions
 c - a potion of haste {unknown}
 d - a potion of curing
 h - a potion of magic
 o - a potion of heal wounds {unknown}
 q - a potion of ambrosia {unknown}
Comestibles
 f - 3 bread rations


   Skills:
 - Level 2.0 Fighting
 + Level 4.8 Long Blades
   Level 2.6 Bows
 - Level 1.0 Throwing
 - Level 1.0 Armour
 - Level 1.1 Dodging
 + Level 1.7 Shields


You had 3 spell levels left.
You didn't know any spells.

Dungeon Overview and Level Annotations

Branches:
Dungeon (3/15)

Altars:
Xom

Annotations:
D:2 Sigmund


Message History

The stone hits the hobgoblin.
The hobgoblin is lightly wounded.
The leopard gecko misses you.
a - a +0 falchion (weapon)
You closely miss the leopard gecko. The leopard gecko closely misses you.
You riposte.
You miss the leopard gecko. The leopard gecko bites you.
You barely miss the leopard gecko. You block the leopard gecko's attack.
You hit the leopard gecko.
You kill the leopard gecko!
You hit the hobgoblin.
The hobgoblin is heavily wounded.
The hobgoblin hits you with a club.
You slash the hobgoblin!
You kill the hobgoblin!
You miss the kobold. The kobold hits you but does no damage.
You hit the kobold.
You kill the kobold!
Items here: )) †† a dagger; a club; a kobold corpse; a hobgoblin corpse You see here a lumpy blue potion.
h - 2 lumpy blue potions (gained 1)
The jackal barks!
You see here a pink potion.
q - a pink potion The goblin shouts!
The jackal barely misses you.
You open the large door. The jackal bites you.
The jackal bites you but does no damage.
There is a large open door here.
A kobold comes into view. It is wielding a club.
There is a large open door here.
You hit the jackal but do no damage. You block the jackal's attack.
The jackal completely misses you.
You barely miss the jackal. The jackal bites you.
You hit the jackal.
The jackal is almost dead.
The jackal bites you but does no damage.
The jackal barely misses you.
You closely miss the jackal.
The jackal is almost dead.
The jackal closely misses you.
You hit the jackal.
You kill the jackal!
You block the kobold's attack.
You miss the kobold. The goblin closely misses you.
You closely miss the kobold. The kobold closely misses you.
The goblin hits you but does no damage.
You hit the kobold.
You kill the kobold!
You have reached level 4!
The goblin barely misses you.
You slash the goblin!
You kill the goblin!
There is a large open door here.
You see here a goblin corpse.
There is a large open door here.
Things that are here:
a club; a kobold corpse You open the large door.
There is a large open door here.
A leopard gecko comes into view.
The helpless leopard gecko fails to defend itself.
You hit the leopard gecko.
The leopard gecko is lightly wounded.
The leopard gecko barely misses you.
You riposte.
You hit the leopard gecko.
The leopard gecko is moderately wounded.
You block the leopard gecko's attack.
You barely miss the leopard gecko.
The leopard gecko is moderately wounded.
The leopard gecko bites you.
You barely miss the leopard gecko.
The leopard gecko is moderately wounded.
The leopard gecko barely misses you.
You miss the leopard gecko.
The leopard gecko is moderately wounded.
The leopard gecko bites you. You block the leopard gecko's attack.
You slash the leopard gecko!
You kill the leopard gecko!
Found a stone staircase leading down.
There is a stone staircase leading down here.
You climb downwards.
An adder, a giant cockroach, 5 orcs and a zombie come into view.
The orc shouts! x2; You hear a shout! x2
There is a stone staircase leading up here.
The adder moves out of view.
The orc hits you with a trident!
* * * LOW HITPOINT WARNING * * *
The orc hits you with a hand axe.
* * * LOW HITPOINT WARNING * * *
The orc misses you.
You climb upwards.
Level annotation: Sigmund
There is a stone staircase leading down here.
It was a potion of magic.
Magic courses through your body. The orc hits you with a whip.
* * * LOW HITPOINT WARNING * * *
You feel better. The orc hits you but does no damage.
The orc hits you with a trident.
* * * LOW HITPOINT WARNING * * *
The orc hits you with a whip.
You die...

##### #####o.o###...
#....o@.......
#####.#.##........
#..........###..........#
##.###.#.##.###....>.....#
#. #.....##... .........#
#. #.#.####..## ........#
#.##.#.##....# .......###
#....#.##.#..# ..(......
##...#.##.#..# #g.......


You could see 3 orcs.

Vanquished Creatures
  Jessica (D:2)
  A dart slug (D:1)
  3 leopard geckos
  A giant cockroach (D:1)
  7 goblins
  6 hobgoblins
  2 jackals
  7 kobolds
  A quokka (D:2)
  4 bats (D:1)
  2 rats (D:1)
35 creatures vanquished.

Notes
Turn   | Place    | Note
-------+----------+-------------------------------------------
     0 | D:1      | tidbits the High Elf Wanderer began the quest for the Orb.
     0 | D:1      | tidbits set off with: 2 curare-tipped needles, a +2 blowgun, a +0 falchion, a potion of curing, a +0 robe, a bread ration
     0 | D:1      | Reached XP level 1. HP: 14/14 MP: 2/2
    46 | D:2      | Found a shimmering altar of Xom.
    72 | D:1      | Reached skill level 3 in Long Blades
   159 | D:1      | Reached XP level 2. HP: 8/19 MP: 3/3
   394 | D:1      | Reached skill level 4 in Long Blades
   428 | D:2      | Noticed Sigmund
   470 | D:1      | Reached XP level 3. HP: 15/24 MP: 4/4
   582 | D:2      | Noticed Jessica
   591 | D:2      | Killed Jessica
   661 | D:2      | Reached XP level 4. HP: 22/29 MP: 5/5
   702 | D:2      | Slain by an orc

Skill      XL: |  1  2 |
---------------+-------+-----
Long Blades    | 3 4 |  4.8
Fighting       | |  2.0
Bows           | |  2.6
Throwing       | |  1.0
Armour         | |  1.0
Dodging        | |  1.1
Shields        | |  1.7

Action                   |  1- 3 |  4- 6 || total
-------------------------+-------+-------++-------
Melee: Falchion          |    71 |     6 ||    77
 Fire: Blowgun           |     6 |       ||     6
       Hunting sling     |    21 |       ||    21
Throw: Stone             |     3 |       ||     3
  Use: Potion            |       |     2 ||     2
 Stab: Sleeping          |       |     1 ||     1
Armor: Robe              |    15 |       ||    15
Dodge: Dodged            |    45 |     4 ||    49
Block: Buckler           |     4 |     2 ||     6
       Rpst.: Falchion   |    13 |     1 ||    14

Table legend:
 A = Turns spent in this place as a percentage of turns spent in the entire game.
 B = Non-inter-level travel turns spent in this place as a percentage of non-inter-level travel turns spent in the entire game.
 C = Inter-level travel turns spent in this place as a percentage of turns spent in this place.
 D = Turns resting spent in this place as a percentage of non-inter-level travel turns spent in this place.
 E = Turns spent auto-exploring this place as a percentage of non-inter-level travel turns spent in this place.
 F = Non-inter-level travel turns spent in this place divided by the number of levels of this place that you've seen.
                   A       B       C       D       E      F
               +-------+-------+-------+-------+-------+----------------------
         Total | 100.0 | 100.0 |   0.0 |   0.0 |   0.0 | 243.0
       Dungeon | 100.0 | 100.0 |   0.0 |   0.0 |   0.0 | 243.0
               +-------+-------+-------+-------+-------+----------------------

Table legend:
 A = Kills in this place as a percentage of kills in entire the game.
 B = Kills by you in this place as a percentage of kills by you in the entire game.
 C = Kills by friends in this place as a percentage of kills by friends in the entire game.
 D = Other kills in this place as a percentage of other kills in the entire game.
 E = Experience gained in this place as a percentage of experience gained in the entire game.
 F = Experience gained in this place divided by the number of levels of this place that you have seen.
                   A       B       C       D       E      F
               +-------+-------+-------+-------+-------+----------------------
         Total | 100.0 | 100.0 |  -nan |  -nan | 100.0 |  34.0
       Dungeon | 100.0 | 100.0 |  -nan |  -nan | 100.0 |  34.0
               +-------+-------+-------+-------+-------+----------------------

Vault maps used:
D:1:      mrwooster_arrival_statue_3
D:2:      nicolae_overflow_hidden_temple, uniq_sigmund, uniq_jessica, uniq_iyjb
D:3:      ashenzari_conservatory_becter, nicolae_ru_awakened_eye,
          uniq_crazy_yiuf_cottage
